 Dungeon Crawl Stone Soup version 0.28-a0-1212-gc6b4282bc0 (webtiles) character file.

Game seed: 11825991507054901323

44 ChaosChampion the Skirmisher (level 3, -2/37 HPs)
             Began as an Ogre Warper on Dec 21, 2021.
             Succumbed to a goblin's poison
             ... on level 4 of the Dungeon.
             The game lasted 00:01:00 (1835 turns).

ChaosChampion the Skirmisher (Ogre Warper)          Turns: 1835, Time: 00:01:01

Health: -2/37      AC:  3    Str: 17    XL:     3   Next: 60%
Magic:  4/7        EV:  9    Int: 14    God:
Gold:   103        SH:  0    Dex:  8    Spells: 8/8 levels left

rFire   . . .      SeeInvis .   a - +0 mace
rCold   . . .      Faith    .   (no shield)
rNeg    . . .      Spirit   +   b - +0 robe
rPois   .          Reflect  .   (helmet restricted)
rElec   .          Harm     .   (no cloak)
rCorr   .          Rampage  .   (gloves unavailable)
Will    .....                   (boots unavailable)
Stlth   +.........              j - amulet of guardian spirit
HPRegen 0.12/turn               (no ring)
MPRegen 0.10/turn               (no ring)

@: lethally poisoned (-2 -> -34)
A: large, unfitting armour, tough skin 1
a: no special abilities


You were on level 4 of the Dungeon.
You visited 1 branch of the dungeon, and saw 3 of its levels.

You collected 103 gold pieces.

Inventory:

Hand Weapons
 a - a +0 mace (weapon)
Missiles
 d - 5 boomerangs of dispersal (quivered)
 f - 5 boomerangs
Armour
 b - a +0 robe (worn)
Jewellery
 j - an amulet of guardian spirit (around neck)
Scrolls
 c - a scroll of blinking
 e - 2 scrolls of teleportation {unknown}
 g - 3 scrolls of identify {unknown}
 k - a scroll of fog {unknown}
 l - a scroll of noise {unknown}
Potions
 h - a potion of ambrosia {unknown}
 i - a potion of heal wounds {unknown}


   Skills:
 + Level 3.4 Fighting
 + Level 2.2 Maces & Flails
 - Level 1.0 Throwing
 - Level 2.1 Dodging
 + Level 3.0 Spellcasting
 + Level 3.1 Translocations


You had 8 spell levels left.
You didn't know any spells.
Your spell library contained the following spells:

 Spells                   Type           Power      Damage    Failure   Level
 Blink                    Tloc           20%        N/A       9%          2
 Gell's Gravitas          Tloc           10%        N/A       19%         3
 Lesser Beckoning         Tloc           10%        N/A       19%         3
 Teleport Other           Tloc           10%        N/A       19%         3
 Manifold Assault         Tloc           10%        N/A       86%         5


Dungeon Overview and Level Annotations

Branches:
Dungeon (2/15)

Altars:


Innate Abilities, Weirdness & Mutations

You are too large for most types of armour.
You have tough skin. (AC +1)


Message History

Found a robe and a rapier.
You see here 23 sling bullets.
A frilled lizard comes into view.
Found 8 gold pieces.
A frilled lizard is nearby!
A frilled lizard is nearby!
A frilled lizard is nearby!
A sourceless malevolence fills the Dungeon...
You fall into a shaft and drop 2 floors!
The shaft crumbles and collapses.
A goblin comes into view. It is wielding a +2 dagger of venom.
The goblin shouts!
Found 15 gold pieces and a chain mail.
The goblin barely misses you.
You barely miss the goblin. The goblin hits you but does no damage.
You are poisoned.
You closely miss the goblin.
You feel very sick. The goblin hits you but does no damage.
You are more poisoned.
You closely miss the goblin.
You feel very sick.
The goblin hits you with a +2 dagger of venom.
You are more poisoned.
You barely miss the goblin.
You feel very sick. The goblin closely misses you. x2
You are too injured to fight recklessly!
You hit the goblin but do no damage.
You feel very sick. The goblin hits you but does no damage.
You are lethally poisoned!
You closely miss the goblin.
* * * LOW HITPOINT WARNING * * *
You feel extremely sick.
The goblin hits you with a +2 dagger of venom.
* * * LOW HITPOINT WARNING * * *
You are more poisoned.
You barely miss the goblin.
You die...

.. .# .#
######.#####
#...$....[.#
#.........$#
#..........#
#....@.....+
#.....g....#
................
################


You could see a goblin.

Vanquished Creatures
  2 dart slugs (D:1)
  2 ball pythons (D:1)
  4 endoplasms
  2 giant cockroaches
  3 goblins (D:1)
  7 hobgoblins
  2 jackals (D:1)
  2 kobolds
  A quokka (D:2)
  4 bats
  2 frilled lizards (D:1)
  3 rats (D:1)
34 creatures vanquished.

Notes
Turn   | Place    | Note
-------+----------+-------------------------------------------
     0 | D:1      | ChaosChampion the Ogre Warper began the quest for the Orb.
     0 | D:1      | Reached XP level 1. HP: 22/22 MP: 3/3
   179 | D:1      | Reached XP level 2. HP: 16/31 MP: 5/5
   677 | D:1      | Reached XP level 3. HP: 34/37 MP: 7/7
  1827 | D:2      | You fall into a shaft and drop 2 floors!
  1835 | D:4      | Succumbed to a goblin's poison

Illustrated notes

Levels and vault maps discovered:
D:1:      lightli_arrival_statuegarden, layout_loops_ring
D:2:      layout_basic
D:4:      layout_basic, minmay_overflow_temple_hex, elyvilon_altar_3,
          serial_shops, shop

Skill      XL: |  1  2  3 |
---------------+----------+-----
Fighting       | 3 |  3.4
Maces & Flails | 2 |  2.2
Translocations | 3 |  3.1
Spellcasting   | 3 |  3.0
Throwing       | |  1.0
Dodging        | |  2.1

Action                   || total
-------------------------++-------
Melee: Mace              ||   112
Armor: Robe              ||    39
Dodge: Dodged            ||    82

Table legend: (Time is in decaauts)
 A = Elapsed time spent in this place.
 B = Non-inter-level travel time spent in this place.
 C = Inter-level travel time spent in this place.
 D = Time resting spent in this place.
 E = Time spent auto-exploring this place.
 F = Levels seen in this place.
 G = Mean time per level.
                   A        B        C        D        E       F      G
               +--------+--------+--------+--------+--------+-----+--------+
         Total |   1866 |   1838 |     28 |      0 |   1558 |   3 |  622.0 |
       Dungeon |   1866 |   1838 |     28 |      0 |   1558 |   3 |  622.0 |
               +--------+--------+--------+--------+--------+-----+--------+

Top non-repeatable levels by time:
     D:1: 1148 daAuts
     D:2: 708 daAuts
     D:4: 9 daAuts
